 Dungeon Crawl Stone Soup version 0.29.1-1-gd02db6906a (webtiles) character file.

Game seed: 8171059097232003676

9051 Earthwalker the Spear-Bearer (level 11, 0/99 HPs)
             Began as a Minotaur Fighter on Oct 14, 2022.
             Was an Elder of Okawaru.
             Killed by vampiric draining
             ... invoked by a vampire
              (3 damage)
             ... on level 10 of the Dungeon.
             The game lasted 00:38:00 (11739 turns).

Earthwalker the Spear-Bearer (Minotaur Fighter)    Turns: 11739, Time: 00:38:00

Health: 0/99       AC: 15    Str: 25    XL:     11   Next: 18%
Magic:  0/10       EV: 10    Int:  5    God:    Okawaru [****..]
Gold:   709        SH:  6    Dex: 10    Spells: 10/10 levels left

rFire   . . .      SeeInvis .   v - +1 spear (venom)
rCold   . . .      Faith    .   c - +0 buckler
rNeg    + . .      Spirit   +   F - +1 chain mail {rN+}
rPois   +          Reflect  .   (helmet restricted)
rElec   .          Harm     .   w - +1 cloak
rCorr   .          Rampage  .   (no gloves)
Will    .....                   (no boots)
Stlth   ..........              C - amulet of guardian spirit
HPRegen 0.26/turn               G - ring of poison resistance
MPRegen 0.12/turn               q - ring of flight

@: flying
A: horns 2, retaliatory headbutt
a: Renounce Religion, Heroism, Finesse


You were on level 10 of the Dungeon.
You worshipped Okawaru.
Okawaru was greatly pleased with you.
You visited 2 branches of the dungeon, and saw 11 of its levels.

You collected 709 gold pieces.

Inventory:

Hand Weapons
 a - a +0 trident of protection
 f - a +0 spear of venom
 v - a +1 spear of venom (weapon)
 y - the +6 falchion "Wenwe" {holy, rCorr Int+4 Dex-3}
   (You found it on level 5 of the Dungeon)

   It has been blessed by the Shining One to cause great damage to the undead
   and demons.
   Int:       It affects your intelligence (+4).
   Dex:       It affects your dexterity (-3).
   rCorr:     It protects you from acid and corrosion.
Missiles
 m - 8 atropa-tipped darts (quivered)
 r - a curare-tipped dart
 s - 21 poisoned darts
 E - 2 boomerangs of dispersal
 M - 2 silver boomerangs
Armour
 c - a +0 buckler (worn)
 w - a +1 cloak (worn)
 F - a +1 chain mail of positive energy (worn)
Jewellery
 h - the amulet of Elemental Vulnerability {rPois rF-- rC-- AC+8}
   (You found it on level 8 of the Dungeon)

   [amulet of nothing]

   AC:        It affects your AC (+8).
   rF:        It makes you very vulnerable to fire.
   rC:        It makes you very vulnerable to cold.
   rPois:     It protects you from poison.
 j - a ring of fire
 p - a ring of fire
 q - a ring of flight (right hand)
 B - a ring of ice
 C - an amulet of guardian spirit (around neck)
 G - a ring of poison resistance (left hand)
 H - a ring of fire
Wands
 g - a wand of roots (12)
 x - a wand of flame (18)
 R - a wand of acid (6)
Scrolls
 i - a scroll of blinking
 t - 2 scrolls of noise
 u - 4 scrolls of teleportation
 z - a scroll of fear
 A - 3 scrolls of identify
 I - 2 scrolls of magic mapping
 O - a scroll of poison {unknown}
 P - a scroll of enchant armour
 Q - a scroll of acquirement {unknown}
Potions
 b - a potion of mutation
 d - 3 potions of might
 e - 3 potions of brilliance
 k - 6 potions of heal wounds
 l - 4 potions of attraction
 n - 2 potions of magic {unknown}
 o - 2 potions of haste {unknown}
 D - a potion of lignification {unknown}
 J - 3 potions of curing {unknown}
 K - a potion of ambrosia {unknown}
 L - 4 potions of flight {unknown}
 N - a potion of degeneration {unknown}


   Skills:
 * Level 9.9 Fighting
 * Level 10.6 Polearms
 - Level 3.5 Throwing
 - Level 10.0 Armour
 * Level 7.5 Dodging
 * Level 9.4 Shields


You had 10 spell levels left.
You didn't know any spells.
Your spell library contained the following spells:

 Spells                   Type           Power      Damage    Failure   Level
 Apportation              Tloc           0%         N/A       97%         1
 Foxfire                  Conj/Fire      0%         2x1d4     97%         1
 Necrotise                Necr           0%         1d4       97%         1
 Conjure Flame            Conj/Fire      0%         6-21      100%        3
 Gell's Gravitas          Tloc           0%         N/A       100%        3
 Inner Flame              Hex/Fire       0%         N/A       100%        3
 Teleport Other           Tloc           0%         N/A       100%        3
 Flame Wave               Conj/Fire      0%         2d4       100%        4
 Dispersal                Tloc           0%         N/A       100%        6
 Summon Small Mammal      Summ           Unusable   N/A       N/A         1

Dungeon Overview and Level Annotations

Branches:
Dungeon (10/15)            Temple (1/1) D:6            Lair (0/5) D:9
    Orc: D:9-12

Altars:
Cheibriados
Dithmenos
Elyvilon
Fedhas
Gozag
Hepliaklqana
Kikubaaqudgha
Makhleb
Nemelex Xobeh
Okawaru
Qazlal
Ru
Sif Muna
Trog
Uskayaw
Vehumet
Wu Jian
Xom
Yredelemnul
Zin
The Shining One

Shops:
D:7 *


Innate Abilities, Weirdness & Mutations

You have a pair of horns on your head.
You reflexively headbutt those who attack you in melee.


Message History

Something completely misses you.
You hit something but do no damage. Your headbutt misses something.
Something hits you.
* * * LOW HITPOINT WARNING * * *
Something bites you but does no damage. Something hits you but does no damage.
Something bites you but does no damage.
You bump into the rock wall.
Something hits you!
* * * LOW HITPOINT WARNING * * *
Something bites you.
* * * LOW HITPOINT WARNING * * *
You are too confused!
You feel less confused. Something hits you.
* * * LOW HITPOINT WARNING * * *
Something bites you but does no damage. Something hits you but does no damage.
Something bites you.
* * * LOW HITPOINT WARNING * * *
Something hits you but does no damage. Something completely misses you.
You miss something. You puncture something!
Something hits you but does no damage. Something bites you.
* * * LOW HITPOINT WARNING * * *
Something draws strength from your injuries!
You closely miss something. Your headbutt misses something. You hit something.
Something draws life force from you.
* * * LOW HITPOINT WARNING * * *
You hit something but do no damage. You hit something.
Your headbutt misses something. Something hits you.
* * * LOW HITPOINT WARNING * * *
Something bites you but does no damage.
You hit something. Your headbutt misses something.
Something hits you but does no damage. Something bites you but does no damage.
You closely miss something. You barely miss something.
Your headbutt misses something. Something hits you but does no damage.
Something bites you but does no damage.
You hit something but do no damage. Your headbutt misses something.
Something hits you but does no damage. You block something's attack.
You hit something but do no damage. Your headbutt misses something.
You puncture something! Something draws life force from you.
You die...

.)#..#..........# #....##
..).............# #....###
...............## #......
.....#######...# ####......
.###.#.....#...# ###.........
## #.#.PPP.#...#
####........... .#
#.'.P...#...####....#.........
.#
#.'.P._.#...#.....###.........
## #.'.....#...{@.####
##.......# ###.PPP.#.###.##
##.....## #.....## #.##
##...## ####### #..### ##.##
##.#.### ### #.#...# ##.# #.#
#.##


There were no monsters in sight!

Vanquished Creatures
  2 boulder beetles (D:9)
  Psyche (D:8)
  3 trolls
  2 hornets
  9 yaks (D:9)
  2 wyverns
  A steam dragon (D:8)
  An acid dragon (D:9)
  A water moccasin (D:6)
  2 orc warriors
  An ice beast (D:6)
  A black bear (D:5)
  3 wolves (D:8)
  3 centaurs
  2 ogres
  4 phantoms
  5 bullfrogs
  4 kobold brigands
  A necrophage (D:4)
  5 scorpions
  19 wights
  3 howler monkeys
  2 electric eels (D:9)
  9 hounds
  3 jellies
  9 orc priests
  Jessica (D:1)
  3 orc wizards
  5 iguanas
  7 gnolls
  12 adders
  3 white imps
  2 worms
  5 dart slugs
  45 orcs
  4 endoplasms
  6 giant cockroaches
  7 goblins
  8 hobgoblins
  4 jackals (D:4)
  23 kobolds
  3 quokkas
  12 ball pythons
  6 bats
  3 frilled lizards (D:1)
  7 rats
  A spectral orc (D:7)
  A bush (D:10)
266 creatures vanquished.

Vanquished Creatures (others)
  A kobold (D:8)
1 creature vanquished.

Grand Total: 267 creatures vanquished

Notes
Turn   | Place    | Note
-------+----------+-------------------------------------------
     0 | D:1      | Earthwalker the Minotaur Fighter began the quest for the
                  | Orb.
     0 | D:1      | Reached XP level 1. HP: 19/19 MP: 0/0
   165 | D:1      | Reached XP level 2. HP: 27/27 MP: 1/1
   339 | D:1      | Reached XP level 3. HP: 33/33 MP: 2/2
   497 | D:2      | Noticed Jessica
   507 | D:1      | Killed Jessica
   508 | D:1      | Reached skill level 1 in Dodging
   519 | D:1      | Reached XP level 4. HP: 33/40 MP: 3/3
  1393 | D:3      | Reached XP level 5. HP: 41/47 MP: 4/4
  1614 | D:3      | Reached skill level 1 in Throwing
  2148 | D:4      | Noticed a phantom
  2169 | D:4      | Killed a phantom
  2305 | D:4      | Reached skill level 5 in Armour
  2305 | D:4      | Reached XP level 6. HP: 46/55 MP: 5/5
  2747 | D:4      | You are sucked into a shaft and drop 2 floors!
  2748 | D:6      | Noticed an orc warrior
  2768 | D:6      | Killed an orc warrior
  2769 | D:6      | Reached skill level 5 in Fighting
  2769 | D:6      | Reached skill level 5 in Polearms
  2769 | D:6      | Reached skill level 5 in Shields
  2943 | D:5      | Entered Level 5 of the Dungeon
  2991 | D:5      | Reached XP level 7. HP: 52/61 MP: 6/6
  3017 | D:5      | Identified the +6 falchion "Wenwe" {holy, rCorr Int+4
                  | Dex-3}
  3226 | D:5      | Found a shadowy altar of Dithmenos.
  3715 | D:5      | Reached XP level 8. HP: 70/70 MP: 7/7
  4633 | D:5      | HP: 3/70 [orc warrior/+0 glaive (9)]
  5603 | D:6      | Reached XP level 9. HP: 78/78 MP: 8/8
  5711 | D:6      | Found a staircase to the Ecumenical Temple.
  5742 | Temple   | Entered the Ecumenical Temple
  5812 | Temple   | Became a worshipper of Warmaster Okawaru
  6010 | D:6      | Found a glowing silver altar of Zin.
  6720 | D:7      | Found a basalt altar of Yredelemnul.
  6762 | D:7      | Found Lifrem's Assorted Antiques.
  6845 | D:7      | Reached * piety under Okawaru
  7335 | D:8      | Noticed Psyche
  7348 | D:8      | Killed Psyche
  7349 | D:8      | Reached skill level 5 in Dodging
  7402 | D:8      | Found a glowing golden altar of the Shining One.
  7631 | D:8      | Found the amulet of Elemental Vulnerability {rPois rF--
                  | rC-- AC+8}
  7750 | D:8      | Reached ** piety under Okawaru
  7990 | D:8      | Reached XP level 10. HP: 68/88 MP: 5/9
  9006 | D:9      | Reached *** piety under Okawaru
  9547 | D:9      | Reached skill level 10 in Armour
  9681 | D:9      | Found a staircase to the Lair.
  9756 | D:9      | Reached skill level 10 in Polearms
  9758 | D:9      | Noticed a boulder beetle
  9764 | D:9      | Noticed a boulder beetle
  9776 | D:9      | Killed a boulder beetle
  9776 | D:9      | Received a gift from Okawaru
  9776 | D:9      | Reached **** piety under Okawaru
  9795 | D:9      | Killed a boulder beetle
  9796 | D:9      | Reached XP level 11. HP: 32/97 MP: 5/10
 10274 | D:9      | Identified the +2 falchion of the Smoking Wolf {elec, rPois
                  | rF- Str+4}
 10554 | D:9      | Reached ***** piety under Okawaru
 11045 | D:10     | Entered Level 10 of the Dungeon
 11520 | D:10     | Found a sacrificial altar of Ru.
 11731 | D:10     | HP: 3/99 [something (3)]
 11739 | D:10     | Killed from afar by a vampire

Illustrated notes

Levels and vault maps discovered:
D:1:      dpeg_arrival_erosion, layout_rooms
D:2:      layout_basic, uniq_jessica
D:3:      layout_basic
D:4:      layout_loops_ring, ashenzari_conservatory_becter, serial_shops, shop
D:5:      kennysheep_windowed_halls, layout_basic, overflow_temple_1_default
D:6:      layout_basic, zin_academy, minmay_temple_entry_fiery
D:7:      layout_loops_cross, yredelemnul_forgotten_temple_becter, serial_shops,
          nicolae_shop_hallway_plus
D:8:      layout_layer_cave, mainiacjoe_overflow_six_doors_small,
          kennysheep_big_empty_room, uniq_psyche
D:9:      layout_layer_cave, erik_lair_island, minmay_checkerbox
D:10:     layout_cave_pods, mainiacjoe_overflow_alcove_4, serial_column_ruins,
          column_ruins_hut_pillars, column_ruins_columns_T,
          column_ruins_columns_straight, column_ruins_open_tiny
Temple:   minmay_temple_bridge_d

Skill      XL: |  1  2  3  4  5  6  7  8  9 10 |
---------------+-------------------------------+-----
Shields        | 4 5 7 9 |  9.4
Fighting       | 4 5 6 8 9 |  9.9
Armour         | 4 5 6 8 9 10 | 10.0
Dodging        | 1 2 3 5 7 |  7.5
Polearms       | 3 4 5 6 7 9 10 | 10.6
Throwing       | 1 2 3 |  3.5

Action                   |  1- 3 |  4- 6 |  7- 9 | 10-12 || total
-------------------------+-------+-------+-------+-------++-------
Melee: Trident           |    10 |       |       |       ||    10
       Spear             |    44 |   236 |   445 |   390 ||  1115
       Headbutt          |     6 |    32 |    81 |    85 ||   204
  Use: Scroll            |       |     4 |    10 |     1 ||    15
Armor: Scale mail        |    28 |    52 |    71 |       ||   151
       Chain mail        |       |       |    29 |   102 ||   131
Dodge: Dodged            |    26 |    68 |   108 |    73 ||   275
Block: Buckler           |    17 |    19 |    64 |    52 ||   152
